 Dungeon Crawl Stone Soup version 0.28-a0-1080-g05a166d0ed (webtiles) character file.

Game seed: 9971059956497473999

30418 ytrimaz the Martial Artist (level 13, -4/115 HPs)
             Began as an Octopode Transmuter on Dec 10, 2021.
             Was a Believer of Ashenzari.
             Slain by a centaur (30 damage)
             ... led by a centaur warrior
             ... on level 14 of the Dungeon.
             The game lasted 00:28:00 (18203 turns).

ytrimaz the Martial Artist (Octopode Transmuter)   Turns: 18203, Time: 00:28:00

Health: -4/115     AC: 18    Str: 10    XL:     13   Next: 51%
Magic:  0/29       EV: 15    Int: 20    God:    Ashenzari [**....]
Gold:   710        SH:  0    Dex: 18    Spells: 23/37 levels left

rFire   x . .      SeeInvis +     - Unarmed
rCold   + + +      Faith    .   (shield currently unavailable)
rNeg    . . .      Spirit   +   (helmet currently unavailable)
rPois   +          Reflect  .   l - amulet of the Fated Soothsayer {Spirit, Self, Cun} (curse)
rElec   .          Harm     .   c - +4 ring of protection
rCorr   .          Rampage  .   d - +4 ring of protection
Will    .....                   k - ring "Chained With Me" {Slay+1, Bglg, Melee} (curse)
Stlth   ++........              r - ring "I Knew You'd Do That" {EV+4, Elem, Alch} (curse)
HPRegen 0.29/turn               s - ring "Thunder Perfect Mind" {Dex+6, Self, Bglg} (curse)
MPRegen 0.21/turn               (no ring)
                                (no ring)
                                (no ring)

@: ice-form, slowed, very slow
A: freezing attack, boosted hp, almost no armour, amphibious, 8 rings, large,
(camouflage 1), (gelatinous body 1), (nimble swimmer 1), (tentacles)
a: End Transformation, Renounce Religion, Shatter the Chains


You were on level 14 of the Dungeon.
You worshipped Ashenzari.
Ashenzari was pleased with you.
You were a creature of crystalline ice.
You visited 2 branches of the dungeon, and saw 15 of its levels.

You collected 794 gold pieces.
You spent 84 gold pieces at shops.

Inventory:

Jewellery
 c - a +4 ring of protection (left front paw)
 d - a +4 ring of protection (right front paw)
 k - the cursed ring "Chained With Me" (on tentacle) {Slay+1, Bglg, Melee}
   (You bought it in a shop on level 6 of the Dungeon)

   [ring of slaying]

   Slay:      It affects your accuracy & damage with ranged weapons and melee
   (+1).
   It has a curse which improves the following skills: Beguiling: Conjurations,
   Hexes and Translocations.
   Melee Combat: Short Blades, Long Blades, Axes, Maces & Flails, Polearms,
   Staves and Unarmed Combat.
 l - the cursed amulet of the Fated Soothsayer (around neck) {Spirit, Self, Cun}
   (You found it on level 6 of the Dungeon)

   [amulet of guardian spirit]

   It causes incoming damage to be divided between your reserves of health and
   magic.
   It has a curse which improves the following skills: Introspection: Fighting
   and Spellcasting.
   Cunning:   Dodging and Stealth.
 r - the cursed ring "I Knew You'd Do That" (on tentacle) {EV+4, Elem, Alch}
   (You found it on level 8 of the Dungeon)

   [ring of evasion]

   EV:        It affects your evasion (+4).
   It has a curse which improves the following skills: Elements: Fire Magic, Ice
   Magic, Air Magic and Earth Magic.
   Alchemy:   Poison Magic and Transmutations.
 s - the cursed ring "Thunder Perfect Mind" (on tentacle) {Dex+6, Self, Bglg}
   (You found it on level 9 of the Dungeon)

   [ring of dexterity]

   Dex:       It affects your dexterity (+6).
   It has a curse which improves the following skills: Introspection: Fighting
   and Spellcasting.
   Beguiling: Conjurations, Hexes and Translocations.
 v - a ring of fire
Wands
 a - a wand of iceblast (3)
 m - a wand of acid (2)
 n - a wand of flame (11)
 p - a wand of charming (12)
 t - a wand of mindburst (6)
 x - a wand of paralysis (9)
 A - a wand of polymorph (3)
Scrolls
 f - 3 scrolls of vulnerability
 y - a scroll of fog
 C - a scroll of enchant armour
Potions
 b - 5 potions of lignification
 e - 3 potions of mutation
 g - 2 potions of haste
 h - 6 potions of curing
 i - a potion of heal wounds
 j - 3 potions of flight
 o - 3 potions of attraction
 u - a potion of brilliance
 z - a potion of ambrosia
 B - a potion of resistance


   Skills:
 * Level 9.3(11.6) Fighting
 - Level 2.0(3.1) Dodging
 + Level 13.6(15.0) Unarmed Combat
 * Level 10.2(12.5) Spellcasting
 * Level 10.7(12.2) Transmutations
 + Level 4.6(6.0) Ice Magic
 + Level 3.2(4.5) Poison Magic
 + Level 0.4 Evocations


You had 23 spell levels left.
You knew the following spells:

 Your Spells              Type           Power      Damage    Failure   Level
a - Ice Form              Ice/Tmut       49%        N/A       1%          4
b - Wereblood             Tmut           57%        N/A       1%          2
c - Spider Form           Tmut/Pois      46%        N/A       1%          3
d - Blade Hands           Tmut           28%        N/A       1%          5

Your spell library contained the following spells:

 Spells                   Type           Power      Damage    Failure   Level
 Beastly Appendage        Tmut           100%       N/A       1%          1
 Ignite Poison            Fire/Tmut/Pois 35%        N/A       1%          3
 Magic Dart               Conj           52%        1d5       4%          1
 Searing Ray              Conj           26%        2d5       7%          2
 Static Discharge         Conj/Air       13%        N/A       8%          2
 Call Imp                 Summ           12%        N/A       9%          2
 Mephitic Cloud           Conj/Pois/Air  19%        N/A       9%          3
 Conjure Flame            Conj/Fire      13%        6-21      14%         3
 Summon Guardian Golem    Hex/Summ       13%        N/A       16%         3
 Summon Ice Beast         Ice/Summ       24%        N/A       16%         4
 Fulminant Prism          Conj/Hex       6%         3d7       43%         4
 Sticky Flame             Conj/Fire      13%        2d4       43%         4
 Lightning Bolt           Conj/Air       6%         1d18      80%         5
 Summon Mana Viper        Hex/Summ       13%        N/A       80%         5
 Iron Shot                Conj/Erth      6%         9d2       100%        6
 Monstrous Menagerie      Summ           6%         N/A       100%        7
 Orb of Destruction       Conj           6%         9d3       100%        7
 Spellforged Servitor     Conj/Summ      6%         N/A       100%        7
 Maxwell's Capacitive Co  Air            6%         ∞         100%        8
 Animate Armour           Summ/Erth      Unusable   N/A       N/A         4

Dungeon Overview and Level Annotations

Branches:
Dungeon (14/15)            Temple (1/1) D:6            Lair (0/6) D:11
    Orc (0/2) D:10         Vaults (0/5) D:13

Altars:
Ashenzari
Cheibriados
Dithmenos
Fedhas
Gozag
Hepliaklqana
Kikubaaqudgha
Makhleb
Qazlal
Trog
Uskayaw
Vehumet
Zin
The Shining One

Shops:
D:6 =   D:10 [

Annotations:
D:3 2 runed translucent doors, DarkBird's ghost, amateur GnWn
D:7 1 runed translucent door, Crazy Yiuf
D:14 Snorg


Innate Abilities, Weirdness & Mutations

You are a creature of crystalline ice.
You have a powerful freezing melee attack.
Your maximum health is increased.
Your armour is entirely melded.
You are incapable of wielding weapons or throwing items.
You cannot wear most types of armour.
You are amphibious.
You can wear up to eight rings at the same time.
((Your skin changes colour to match your surroundings (Stealth+).))
((Your rubbery body absorbs attacks. (AC +1, EV +1)))
((You are camouflaged near water. (Stealth+)))
((You have tentacles for arms and can constrict up to eight enemies at once.))


Message History

The centaur wields a +0 shortbow.
The centaur shoots an arrow.
The arrow hits you.
A centaur comes into view. It is wielding a +0 short sword.
The centaur warrior hits you but does no damage.
The centaur warrior completely misses you.
You pummel the centaur warrior!!
The centaur warrior is heavily wounded.
The centaur warrior hits you but does no damage.
The centaur warrior kicks you but does no damage.
The centaur unwields a +0 short sword.
The centaur wields a +0 shortbow.
The centaur shoots an arrow.
The arrow hits you.
* * * LOW HITPOINT WARNING * * *
The centaur shoots an arrow.
The arrow misses you.
You hear a shout!
You punch the centaur warrior!
The centaur warrior is heavily wounded.
The centaur warrior hits you but does no damage.
The centaur warrior closely misses you.
The centaur shoots an arrow.
The arrow misses you.
The arrow hits the centaur warrior!
The centaur warrior misses you.
The centaur warrior kicks you but does no damage.
You punch the centaur warrior!
You kill the centaur warrior!
The centaur shoots an arrow.
The arrow hits you!
* * * LOW HITPOINT WARNING * * *
The centaur shoots an arrow.
The arrow hits you.
* * * LOW HITPOINT WARNING * * *
Unknown command.
Unknown command.
A centaur comes into view.
It is wielding the +10 dark maul {vorpal}.
The centaur shoots an arrow.
The arrow completely misses you.
The centaur shoots an arrow.
The arrow misses you.
A manticore comes into view.
The centaur shoots an arrow.
The arrow barely misses you.
The centaur shoots an arrow.
The arrow closely misses you.
The centaur shouts!
Items here: ( ) = †.
Unknown command.
The centaur hits you with the +10 dark maul {vorpal}!!!
You die...

* #H.#(.#,, #..#.. *
, #.#...#,#...#.# , ,
* ......#......* * ,*
#..c#.#...# ,
,*.c#...#..# * * , *
#c#.....#.# *,, , ,
*#.......# *
###.#########)#####.
* ,
.......$†..cY.......#
##.##..##############
, ....#* , , **####.
* , , , * , . , , *
**## , ** , * #. *#.,
#u*#.#., * ,


You could see a centaur.

Vanquished Creatures
  Azrael (D:13)
  Josephine (D:12)
  5 boulder beetles
  An ogre mage (D:13)
  2 hydras
  5 centaur warriors
  5 two-headed ogres
  Urug (D:12)
  A tengu warrior (D:8)
  4 skeletal warriors
  Pikel (D:8)
  A deep elf pyromancer (D:12)
  2 cyclopes
  4 ugly things
  2 manticores
  2 gargoyles
  2 kobold demonologists (D:11)
  A hornet (D:8)
  Prince Ribbit (D:5)
  A slime creature (D:8)
  2 wyverns
  2 fire elementals (D:13)
  6 wraiths
  A basilisk (D:9)
  A yak (shapeshifter) (D:8)
  8 yaks
  2 steam dragons (D:9)
  6 vampire mosquitoes (D:13)
  A swamp worm (shapeshifter) (D:12)
  2 hell hounds (D:13)
  6 orc warriors
  4 black bears
  An ice beast (D:8)
  An ogre (D:4)
  3 necrophages
  6 centaurs
  A phantom (D:6)
  2 lemures (D:8)
  A kobold brigand (D:7)
  6 bullfrogs
  3 gnoll sergeants
  2 scorpions (D:6)
  A water moccasin skeleton (D:4)
  12 killer bees
  7 wights
  5 howler monkeys
  3 centaur zombies
  3 orc priests
  2 bullfrog skeletons
  2 hounds (D:5)
  2 iguanas
  2 jellies (D:5)
  A scorpion zombie (D:5)
  Natasha (D:2)
  11 orc wizards
  A hound skeleton (D:4)
  A howler monkey zombie (D:11)
  12 gnolls
  5 adders
  A white imp (D:8)
  An adder skeleton (D:2)
  A worm (D:2)
  33 orcs
  5 endoplasms
  9 goblins
  9 hobgoblins
  2 jackals (D:2)
  12 kobolds
  2 quokkas (D:1)
  8 ball pythons
  6 bats
  3 frilled lizards
  8 rats
  A bush (D:11)
282 creatures vanquished.

Vanquished Creatures (collateral kills)
  A shadow (D:9)
1 creature vanquished.

Vanquished Creatures (others)
  A gnoll (D:13)
  17 fungi (D:11)
  40 plants
58 creatures vanquished.

Grand Total: 341 creatures vanquished

Notes
Turn   | Place    | Note
-------+----------+-------------------------------------------
     0 | D:1      | ytrimaz the Octopode Transmuter began the quest for the
                  | Orb.
     0 | D:1      | Reached XP level 1. HP: 13/13 MP: 3/3
   390 | D:1      | Found a faded altar of an unknown god.
   660 | D:1      | Reached XP level 2. HP: 14/18 MP: 5/5
   663 | D:1      | Learned a level 2 spell: Wereblood
  1157 | D:2      | Reached XP level 3. HP: 17/23 MP: 4/6
  1161 | D:2      | Learned a level 3 spell: Spider Form
  2269 | D:2      | Reached XP level 4. HP: 29/29 MP: 5/7
  2470 | D:2      | Noticed Natasha
  2477 | D:2      | Killed Natasha
  2478 | D:2      | Reached skill level 4 in Unarmed Combat
  2523 | D:3      | Found a runed translucent door.
  2523 | D:3      | Noticed a bullfrog
  2524 | D:3      | Noticed DarkBird's ghost (amateur GnWn)
  2580 | D:3      | Found a runed translucent door.
  3019 | D:3      | Reached XP level 5. HP: 34/34 MP: 7/9
  3522 | D:5      | Entered Level 5 of the Dungeon
  3582 | D:5      | Noticed a black bear
  3587 | D:5      | Noticed a necrophage
  3628 | D:5      | Killed a necrophage
  3629 | D:5      | Reached XP level 6. HP: 23/40 MP: 8/11
  3703 | D:5      | Killed a black bear
  3865 | D:4      | Reached XP level 7. HP: 42/45 MP: 12/12
  4271 | D:4      | Reached skill level 5 in Unarmed Combat
  4509 | D:5      | Noticed Prince Ribbit
  4519 | D:5      | Killed Prince Ribbit
  4520 | D:5      | Reached skill level 5 in Transmutations
  4520 | D:5      | Reached XP level 8. HP: 39/52 MP: 10/14
  5084 | D:6      | Found a staircase to the Ecumenical Temple.
  5093 | Temple   | Entered the Ecumenical Temple
  5114 | Temple   | Became a worshipper of Ashenzari the Shackled
  5191 | D:6      | Found Icuashrosa's One-of-a-Kind Rings.
  5197 | D:6      | Reached skill level 1 in Poison Magic
  5205 | D:6      | Reached skill level 6 in Unarmed Combat
  5205 | D:6      | Reached skill level 5 in Spellcasting
  5399 | D:6      | Bought a +1 ring of slaying for 84 gold pieces
  6644 | D:6      | Learned a level 4 spell: Ice Form
  6790 | D:7      | Found a runed translucent door.
  6791 | D:7      | Noticed Crazy Yiuf
  6856 | D:7      | Reached XP level 9. HP: 50/59 MP: 13/17
  7155 | D:7      | You fall into a shaft and drop 1 floor!
  7236 | D:8      | Reached skill level 7 in Unarmed Combat
  7248 | D:8      | Reached skill level 5 in Fighting
  7683 | D:8      | Reached skill level 8 in Unarmed Combat
  7723 | D:8      | Noticed a tengu warrior
  7723 | D:8      | Noticed a gargoyle
  7806 | D:8      | Killed a gargoyle
  7807 | D:8      | Reached XP level 10. HP: 42/66 MP: 6/19
  8086 | D:8      | Noticed Pikel
  8096 | D:8      | Killed Pikel
  8161 | D:8      | Reached skill level 9 in Unarmed Combat
  8179 | D:8      | Noticed a centaur warrior
  8179 | D:8      | Noticed a centaur warrior
  8190 | D:8      | Killed a centaur warrior
  8191 | D:8      | Reached skill level 1 in Ice Magic
  8195 | D:8      | Killed a centaur warrior
  8938 | D:8      | Paralysed by a hornet for 3 turns
  9749 | D:9      | Noticed a two-headed ogre
  9767 | D:9      | Killed a two-headed ogre
  9768 | D:9      | Reached XP level 11. HP: 67/74 MP: 10/22
  9865 | D:9      | Reached skill level 10 in Unarmed Combat
  9875 | D:9      | Found the +3 robe of Clouds {*Thunder rCloud rElec}
  9978 | D:9      | Noticed a two-headed ogre
 10138 | D:8      | Killed a tengu warrior
 10408 | D:8      | Reached * piety under Ashenzari
 11285 | D:7      | Killed a two-headed ogre
 11778 | D:9      | Found a shadowy altar of Dithmenos.
 11829 | D:9      | Noticed a yaktaur captain
 11829 | D:9      | Noticed a tengu warrior
 11832 | D:9      | Noticed a harpy
 11834 | D:9      | Noticed a boulder beetle
 11837 | D:9      | Noticed a cyclops
 11838 | D:9      | Noticed a tengu warrior
 11937 | D:10     | Entered Level 10 of the Dungeon
 12331 | D:10     | Found a staircase to the Orcish Mines.
 12496 | D:10     | Found Kyigesh's Antique Armour Shoppe.
 12603 | D:11     | Noticed a manticore
 12603 | D:11     | Noticed a cyclops
 12603 | D:11     | Noticed a two-headed ogre
 12611 | D:10     | Killed a cyclops
 12612 | D:10     | Reached skill level 11 in Unarmed Combat
 12615 | D:10     | Killed a manticore
 12621 | D:11     | Killed a two-headed ogre
 12766 | D:11     | Noticed a skeletal warrior
 12863 | D:11     | Noticed a skeletal warrior
 12878 | D:10     | Killed a skeletal warrior
 12938 | D:11     | Noticed a skeletal warrior
 12978 | D:11     | Noticed a skeletal warrior
 12999 | D:10     | Killed a skeletal warrior
 13000 | D:10     | Reached XP level 12. HP: 78/82 MP: 15/24
 13490 | D:11     | Noticed a boulder beetle
 13538 | D:11     | Killed a boulder beetle
 13869 | D:11     | Reached skill level 12 in Unarmed Combat
 13970 | D:11     | Found a blossoming altar of Fedhas.
 14253 | D:11     | Found a staircase to the Lair.
 14342 | D:11     | Noticed a boulder beetle
 14363 | D:11     | Killed a boulder beetle
 14715 | D:11     | Noticed a boulder beetle
 14734 | D:11     | Killed a boulder beetle
 14969 | D:12     | Noticed Urug
 15202 | D:12     | Noticed a four-headed hydra
 15211 | D:12     | Killed a four-headed hydra
 15359 | D:12     | Noticed Josephine
 15360 | D:12     | Noticed a boulder beetle
 15499 | D:12     | Killed Urug
 15830 | D:12     | Noticed a boulder beetle
 15878 | D:12     | Killed Josephine
 15879 | D:12     | Reached skill level 10 in Transmutations
 15965 | D:12     | Killed a boulder beetle
 16194 | D:12     | Killed a boulder beetle
 16195 | D:12     | Reached XP level 13. HP: 92/92 MP: 22/27
 16735 | D:13     | Reached skill level 13 in Unarmed Combat
 16959 | D:13     | Learned a level 5 spell: Blade Hands
 17498 | D:13     | Reached skill level 10 in Spellcasting
 17509 | D:13     | Found a gate to the Vaults.
 17527 | D:13     | Found a radiant altar of Vehumet.
 17636 | D:13     | Reached ** piety under Ashenzari
 17740 | D:13     | Noticed Azrael
 17749 | D:13     | Killed Azrael
 18064 | D:14     | Noticed Snorg
 18140 | D:14     | Noticed a rakshasa
 18187 | D:14     | Identified the ring of the Coward {Ice rPois}
 18197 | D:14     | Identified the +8 morningstar of Aneejaz {vorpal, +Blink
                  | rElec rPois Str-2}
 18197 | D:14     | Identified the +4 quarterstaff of Putrescence {antimagic,
                  | Will++}
 18203 | D:14     | Slain by a centaur

Illustrated notes

Levels and vault maps discovered:
D:1:      zaba_arrival_water, layout_basic,
          chequers_ecumenical_altar_simple_redux
D:2:      layout_loops_ring, uniq_natasha
D:3:      layout_basic, ebering_ghost_sewer_f
D:4:      layout_loops_cross, serial_bayou_pond_a, serial_bayou_lagoon_a
D:5:      layout_rooms, uniq_prince_ribbit1
D:6:      layout_loops_corners, minmay_temple_entry_junction,
          minmay_misc_feat_square, nicolae_shop_unique_rings,
          columned_hall_lemuel
D:7:      layout_basic, uniq_crazy_yiuf_cottage
D:8:      layout_layer_cave, minmay_shattered_shrine, uniq_pikel
D:9:      layout_cross, kennysheep_mini_moat, onia_ninara_dug_in_and_dangerous
D:10:     layout_roguey, orc_0_dummy, serial_shops, shop
D:11:     layout_gridville, grunt_lair_entry_orc_guard_hut,
          fedhas_bush_and_centaur_altar
D:12:     layout_stronghold, uniq_josephine, uniq_urug
D:13:     layout_roguey, david_vaults_2, fiery_altar_vehumet, uniq_azrael
D:14:     minmay_the_grid_3x2 [minmay_the_grid_tri_star,
          minmay_the_grid_gridbox, minmay_the_grid_x, minmay_the_grid_tree,
          minmay_the_grid_paths, minmay_the_grid_prize_four_corners],
          layout_loops_corners, enter_bailey_7, minmay_misc_feat_enclosed,
          nicolae_underground_beach, uniq_snorg
Temple:   grunt_wide_crystal_templ

Skill      XL: |  1  2  3  4  5  6  7  8  9 10 11 12 13 |
---------------+----------------------------------------+-----
Unarmed Combat | 4 5 6 8 9 11 12 13 | 13.6
Fighting       | 2 3 4 5 6 7 8 9 |  9.3
Spellcasting   | 3 4 5 6 7 8 9 10 | 10.2
Transmutations | 3 4 5 6 7 8 9 10 | 10.7
Poison Magic   | 1 2 3 |  3.2
Ice Magic      | 1 2 4 |  4.6
Dodging        | |  2.0
Evocations     | |  0.4

Action                   |  1- 3 |  4- 6 |  7- 9 | 10-12 | 13-15 || total
-------------------------+-------+-------+-------+-------+-------++-------
Melee: Unarmed           |    95 |    78 |   259 |   460 |   102 ||   994
       Constrict         |    26 |    15 |    27 |     5 |     5 ||    78
       Tentacles         |    14 |     9 |    29 |    11 |    13 ||    76
       Kick              |     6 |    12 |    14 |       |       ||    32
       Punch             |     1 |     2 |     2 |     6 |     1 ||    12
 Cast: Beastly Appendage |    13 |    19 |    11 |       |       ||    43
       Spider Form       |       |     2 |    11 |     8 |     1 ||    22
       Wereblood         |       |       |     7 |     4 |       ||    11
       Ice Form          |       |       |     1 |    43 |     5 ||    49
       Blade Hands       |       |       |       |       |     5 ||     5
Invok: Curse Item        |       |       |     1 |     2 |     1 ||     4
Evoke: Wand              |       |       |       |     6 |       ||     6
  Use: Scroll            |     5 |     1 |    10 |     5 |     3 ||    24
       Potion            |       |     2 |       |     4 |       ||     6
 Stab: Sleeping          |    11 |     3 |     3 |     1 |       ||    18
Armor: Skin              |     9 |    28 |    67 |   267 |    61 ||   432
Dodge: Dodged            |    56 |    64 |   177 |   386 |    89 ||   772

Table legend: (Time is in decaauts)
 A = Elapsed time spent in this place.
 B = Non-inter-level travel time spent in this place.
 C = Inter-level travel time spent in this place.
 D = Time resting spent in this place.
 E = Time spent auto-exploring this place.
 F = Levels seen in this place.
 G = Mean time per level.
                   A        B        C        D        E       F      G
               +--------+--------+--------+--------+--------+-----+--------+
         Total |  18056 |  17703 |    353 |   4170 |  10325 |  15 | 1203.7 |
       Dungeon |  18026 |  17680 |    346 |   4170 |  10314 |  14 | 1287.6 |
        Temple |     29 |     22 |      7 |      0 |     11 |   1 |   29.0 |
               +--------+--------+--------+--------+--------+-----+--------+

Top non-repeatable levels by time:
     D:8: 2901 daAuts
    D:11: 1921 daAuts
    D:12: 1678 daAuts
     D:6: 1644 daAuts
     D:7: 1553 daAuts
     D:2: 1376 daAuts
    D:13: 1324 daAuts
     D:1: 1123 daAuts
    D:10: 984 daAuts
     D:4: 872 daAuts
     D:9: 871 daAuts
     D:3: 832 daAuts
     D:5: 757 daAuts
    D:14: 184 daAuts
  Temple: 29 daAuts
